 Dungeon Crawl Stone Soup version 0.28.0 (webtiles) character file.

Game seed: 2235466057234591347

10479 willcat the Covert (level 11, 0/67 HPs)
             Began as an Octopode Delver on Feb 6, 2022.
             Was an Initiate of Gozag.
             Slain by a meliai zombie (5 damage)
             ... on level 11 of the Dungeon.
             The game lasted 00:18:28 (13092 turns).

willcat the Covert (Octopode Delver)               Turns: 13092, Time: 00:18:30

Health: 0/67       AC:  1    Str: 11    XL:     11   Next: 62%
Magic:  10/19      EV: 16    Int: 21    God:    Gozag
Gold:   1119       SH:  0    Dex: 16    Spells: 6/21 levels left

rFire   . . .      SeeInvis .   d - +3 short sword (venom)
rCold   . . .      Faith    .   (no shield)
rNeg    . . .      Spirit   .   (helmet restricted)
rPois   .          Reflect  .   (no amulet)
rElec   .          Harm     .   i - ring of wizardry
rCorr   .          Rampage  .   l - +6 ring of intelligence
Will    .....                   (no ring)
Stlth   ++++++....              (no ring)
HPRegen 0.21/turn               (no ring)
MPRegen 0.16/turn               (no ring)
                                (no ring)
                                (no ring)

@: about to teleport, gold aura, very slightly contaminated
A: almost no armour, amphibious, 8 rings, camouflage 1, gelatinous body 1,
(nimble swimmer 1), tentacles
a: Renounce Religion, Potion Petition, Call Merchant, Bribe Branch


You were on level 11 of the Dungeon.
You worshipped Gozag.
Gozag was most pleased with you.
You visited 3 branches of the dungeon, and saw 13 of its levels.

You collected 1400 gold pieces.
You spent 187 gold pieces at shops.
You paid 94 gold pieces to Gozag.

Inventory:

Hand Weapons
 d - a +3 short sword of venom (weapon)
Missiles
 y - 2 throwing nets (quivered)
Jewellery
 i - a ring of wizardry (left tentacle)
 l - a +6 ring of intelligence (right tentacle)
Wands
 f - a wand of digging (3)
 g - a wand of flame (20)
 h - a wand of mindburst (13)
 x - a wand of iceblast (14)
 z - a wand of paralysis (12)
 B - a wand of acid (7)
Scrolls
 b - 2 scrolls of fog
 c - 2 scrolls of magic mapping
 n - 3 scrolls of enchant weapon
 o - 2 scrolls of silence
 p - a scroll of noise {unknown}
 u - 3 scrolls of vulnerability {unknown}
 v - 5 scrolls of teleportation
 w - 4 scrolls of summoning
 D - a scroll of holy word {unknown}
 E - 2 scrolls of enchant armour {unknown}
 F - a scroll of amnesia {unknown}
 G - a scroll of identify
Potions
 e - a potion of haste
 j - a potion of degeneration
 k - 2 potions of berserk rage {unknown}
 m - 3 potions of attraction
 q - a potion of lignification
 r - 2 potions of might {unknown}
 s - 4 potions of curing {unknown}
 t - 2 potions of cancellation {unknown}
 A - 3 potions of heal wounds {unknown}
Miscellaneous
 a - a piece from Xom's chessboard (15/15)


   Skills:
 - Level 3.0 Fighting
 + Level 7.6 Short Blades
 - Level 6.0 Dodging
 + Level 12.3 Stealth
 + Level 5.7 Spellcasting
 + Level 5.7 Conjurations
 + Level 4.1 Ice Magic
 + Level 5.7 Air Magic
 + Level 7.5 Poison Magic
 - Level 4.0 Evocations


You had 6 spell levels left.
You knew the following spells:

 Your Spells              Type           Power      Damage    Failure   Level
a - Freezing Cloud        Conj/Ice/Air   13%        6-21      13%         5
b - Mephitic Cloud        Conj/Pois/Air  32%        N/A       1%          3
c - Olgreb's Toxic Radia  Pois           37%        N/A       1%          4
d - Confusing Touch       Hex            6%         N/A       12%         3

Your spell library contained the following spells:

 Spells                   Type           Power      Damage    Failure   Level
 Sting                    Tmut/Pois      84%        1d7       1%          1
 Poisonous Vapours        Pois/Air       68%        N/A       1%          2
 Static Discharge         Conj/Air       30%        N/A       1%          2
 Ignite Poison            Fire/Tmut/Pois 16%        N/A       4%          3
 Lightning Bolt           Conj/Air       15%        1d29      11%         5
 Agony                    Necr           6%         N/A       69%         5
 Excruciating Wounds      Necr           3%         N/A       69%         5
 Yara's Violent Unravell  Hex/Tmut       3%         3d4       69%         5
 Enfeeble                 Hex            3%         N/A       100%        7
 Maxwell's Capacitive Co  Air            15%        ∞         100%        8


Dungeon Overview and Level Annotations

Branches:
Dungeon (11/15)            Temple (1/1) D:7             Orc (1/2) D:9
   Lair: D:8-11

Altars:
Ashenzari
Cheibriados
Dithmenos
Elyvilon
Fedhas
Gozag
Hepliaklqana
Kikubaaqudgha
Makhleb
Nemelex Xobeh
Okawaru
Qazlal
Ru
Sif Muna
Trog
Uskayaw
Vehumet
Wu Jian
Xom
Yredelemnul
Zin
The Shining One

Shops:
D:2 (   D:6 ?   D:10 [


Innate Abilities, Weirdness & Mutations

You cannot wear most types of armour.
You are amphibious.
You can wear up to eight rings at the same time.
Your skin changes colour to match your surroundings (Stealth+).
Your rubbery body absorbs attacks. (AC +1, EV +1)
((You are camouflaged when in or above water. (Stealth+)))
You have tentacles for arms and can constrict up to eight enemies at once.


Message History

Okay, then.
You don't have any such object.
Evoke which item? (* to show all) (? for menu, Esc to quit)
Okay, then.
Aiming: Iceblast
Press: ? - help, Shift-Dir - straight line The mass of ice explodes!
The iceblast engulfs the four-headed hydra!
The four-headed hydra is almost dead.
You hear a roar!
The meliai zombie hits you. The meliai zombie hits you! x2
The meliai zombie misses you.
Unknown command.
Unknown command.
Aiming: Iceblast
Press: ? - help, Shift-Dir - straight line The mass of ice explodes!
The iceblast engulfs the four-headed hydra!!
You kill the four-headed hydra!
The meliai zombie closely misses you. The meliai zombie misses you.
The meliai zombie hits you. x2
Unknown command.
Unknown command.
Press: ? - help, v - describe, . - travel
Here: a meliai zombie The floor.
Unknown command.
As you read the scroll of teleportation, it crumbles to dust.
You feel strangely unstable. The meliai zombie barely misses you.
The meliai zombie hits you!
* * * LOW HITPOINT WARNING * * *
The meliai zombie misses you.
The meliai zombie completely misses you.
The meliai zombie hits you!
* * * LOW HITPOINT WARNING * * *
The meliai zombie hits you!
* * * LOW HITPOINT WARNING * * *
The meliai zombie hits you.
You die...
Your body crumbles into a pile of gold.

........#####+#.#
..<.....#.....#.########
##......#.....'.........
#......#.....#..####...
#......#.....#..#
#......#.....+..#
#......#.....#..#
#......#######..#
#..............@#
........Z.#
..........#######.
...........$......
..................
..................
+#................
#................
#.######.........


You could see a meliai zombie.

Vanquished Creatures
  A hydra (D:11)
  An orc knight (D:9)
  Pikel (D:7)
  Joseph (D:7)
  A kobold demonologist (D:7)
  Psyche (D:8)
  An unseen horror (D:10)
  Grinder (D:5)
  10 yaks
  3 wyverns
  A steam dragon (D:8)
  2 acid dragons
  Duvessa (D:7)
  A water moccasin (D:5)
  2 black bears
  2 ice beasts
  A necrophage (D:7)
  10 orc warriors
  6 ogres
  A centaur (D:10)
  A lemure (D:7)
  3 kobold brigands
  8 bullfrogs
  5 scorpions
  A water moccasin zombie (D:5)
  Dowan (D:7)
  10 killer bees
  5 wights
  3 howler monkeys
  3 bullfrog zombies (D:6)
  2 centaur zombies
  3 jellies
  A centaur skeleton (D:7)
  8 orc priests
  A bullfrog skeleton (D:3)
  A gnoll shaman (D:8)
  2 iguanas
  4 hounds
  5 orc wizards
  2 killer bee zombies (D:7)
  A hound skeleton (D:5)
  A howler monkey zombie (D:9)
  A howler monkey skeleton (D:4)
  7 gnolls
  An adder (D:5)
  2 white imps
  An ufetubus (D:7)
  4 dart slugs
  47 orcs
  3 endoplasms (D:2)
  2 giant cockroaches (D:4)
  2 goblins
  4 hobgoblins
  6 jackals
  19 kobolds
  8 quokkas
  6 ball pythons
  3 bats
  6 frilled lizards
  2 rats
243 creatures vanquished.

Vanquished Creatures (others)
  A plant (D:3)
1 creature vanquished.

Grand Total: 244 creatures vanquished

Notes
Turn   | Place    | Note
-------+----------+-------------------------------------------
     0 | D:5      | willcat the Octopode Delver began the quest for the Orb.
     0 | D:5      | Reached XP level 1. HP: 16/16 MP: 1/1
     9 | D:5      | Noticed an ice beast
    15 | D:5      | Reached XP level 2. HP: 18/21 MP: 2/2
    32 | D:6      | HP: 1/21 [bullfrog zombie (6)]
    35 | D:6      | Reached skill level 7 in Stealth
    35 | D:6      | Reached XP level 3. HP: 1/26 MP: 3/3
   299 | D:5      | Killed an ice beast
   300 | D:5      | Reached XP level 4. HP: 27/31 MP: 4/4
   300 | D:5      | Reached XP level 5. HP: 31/36 MP: 5/5
   351 | D:5      | Reached skill level 8 in Stealth
   601 | D:4      | Reached XP level 6. HP: 42/42 MP: 6/6
   671 | D:4      | Reached skill level 1 in Evocations
   910 | D:4      | Learned a level 4 spell: Olgreb's Toxic Radiance
  1492 | D:3      | Found a hazy altar of Hepliaklqana.
  2235 | D:2      | Reached skill level 1 in Poison Magic
  2287 | D:2      | Found Oloira's Weapon Shoppe.
  3710 | D:5      | Reached skill level 1 in Spellcasting
  3710 | D:5      | Reached XP level 7. HP: 46/46 MP: 8/8
  3761 | D:5      | Learned a level 3 spell: Mephitic Cloud
  3762 | D:5      | Noticed Grinder
  3771 | D:5      | Killed Grinder
  3772 | D:5      | Reached skill level 9 in Stealth
  4084 | D:5      | Identified the +5 chain mail "Juebiogh" {Contam rF+ Dex+4}
  4119 | D:5      | Reached XP level 8. HP: 52/52 MP: 11/11
  4282 | D:6      | Found Ocvoppei's Magic Scroll Emporium.
  4326 | D:6      | Bought a scroll of teleportation for 45 gold pieces
  4326 | D:6      | Bought a scroll of blinking for 112 gold pieces
  4416 | D:6      | Bought a scroll of identify for 30 gold pieces
  4462 | D:6      | Reached skill level 5 in Short Blades
  4462 | D:6      | Reached skill level 1 in Conjurations
  4462 | D:6      | Reached skill level 1 in Air Magic
  4481 | D:6      | Reached skill level 5 in Dodging
  4984 | D:6      | Reached XP level 9. HP: 34/56 MP: 13/13
  5380 | D:7      | Got the Disquisition on Doomed Envenoming
  5420 | D:7      | Noticed Dowan
  5422 | D:7      | Noticed Duvessa
  5454 | D:7      | Killed Duvessa
  5455 | D:7      | Reached skill level 10 in Stealth
  5456 | D:7      | Killed Dowan
  5819 | D:7      | Noticed a kobold demonologist
  5833 | D:7      | Noticed a soul eater
  5848 | D:7      | Noticed a sun demon
  5855 | D:7      | Killed a kobold demonologist
  5859 | D:7      | Reached skill level 5 in Poison Magic
  6222 | D:7      | Noticed Joseph
  6232 | D:7      | Killed Joseph
  6737 | D:7      | Found a staircase to the Ecumenical Temple.
  6763 | D:7      | Learned a level 5 spell: Freezing Cloud
  6938 | D:7      | Reached XP level 10. HP: 62/63 MP: 16/16
  6941 | D:7      | Noticed Pikel
  6975 | D:7      | Killed Pikel
  6976 | D:7      | Reached skill level 1 in Ice Magic
  7032 | Temple   | Entered the Ecumenical Temple
  7421 | Temple   | Became a worshipper of Gozag Ym Sagoz the Greedy
  7720 | D:7      | Reached skill level 11 in Stealth
  7876 | D:7      | Learned a level 3 spell: Confusing Touch
  8437 | D:8      | Noticed Psyche
  9176 | D:9      | Found a sparkling altar of Nemelex Xobeh.
  9533 | D:9      | Found a staircase to the Orcish Mines.
  9638 | D:9      | Reached skill level 5 in Spellcasting
  9643 | D:9      | Reached skill level 5 in Air Magic
  9643 | D:9      | Reached XP level 11. HP: 53/67 MP: 3/18
 10070 | Orc:1    | Entered Level 1 of the Orcish Mines
 10078 | Orc:1    | Reached skill level 5 in Conjurations
 10739 | D:8      | Killed Psyche
 10868 | D:10     | Entered Level 10 of the Dungeon
 11021 | D:10     | Noticed an orc knight
 11060 | D:9      | Killed an orc knight
 11390 | D:10     | Found Vat Vaxu's Armour Boutique.
 11953 | D:10     | Reached skill level 12 in Stealth
 13081 | D:11     | Noticed a four-headed hydra
 13089 | D:11     | Killed a four-headed hydra
 13092 | D:11     | Slain by a meliai zombie

Illustrated notes

Levels and vault maps discovered:
D:1:      lightli_arrival_quake, layout_loops_corners, minmay_cupped
D:2:      layout_rooms, serial_shops, nicolae_shop_bloodbath_and_beyond,
          feat_on_display
D:3:      layout_rooms, mainiacjoe_overflow_alcove_1, serial_forest,
          infiniplex_forest_zigzag_1, infiniplex_forest_clump_tiny,
          infiniplex_forest_straight_3, infiniplex_forest_lined_2,
          infiniplex_forest_lined_3, infiniplex_forest_clump_long,
          infiniplex_forest_clump_tiny, infiniplex_forest_lined_corner,
          infiniplex_forest_clump_diagonal, infiniplex_forest_lined_3
D:4:      layout_gridville, nicolae_figureground_pulse
D:5:      layout_rooms, uniq_grinder
D:6:      layout_rooms, serial_shops, shop, grunt_ministairs_8
D:7:      layout_basic, minmay_temple_entry_mist, grunt_potential, uniq_joseph,
          uniq_pikel, uniq_duvessa
D:8:      layout_basic, uniq_psyche
D:9:      minmay_inner_zag, layout_gridville, kennysheep_little_box,
          hiddenorc1_lemuel, corexii_corridor_pit
D:10:     layout_rooms, serial_shops, nicolae_square_shop
D:11:     layout_irregular_city, lair_entry_dummy, grunt_ministairs_14,
          nicolae_tso_carved_into_rock, uniq_josephine
Temple:   mainiacjoe_temple_cubbyholes
Orc:1:    layout_caves, basic_altar, okawaru_metal_pillars_1_2

Skill      XL: |  1  2  3  4  5  6  7  8  9 10 11 |
---------------+----------------------------------+-----
Stealth        | 7 8 9 10 11 12 | 12.3
Short Blades   | 3 4 5 6 7 |  7.6
Dodging        | 3 4 5 6 |  6.0
Evocations     | 1 2 4 |  4.0
Poison Magic   | 1 2 4 5 6 7 |  7.5
Spellcasting   | 1 2 3 4 5 |  5.7
Conjurations   | 2 3 4 5 |  5.7
Air Magic      | 2 3 5 |  5.7
Ice Magic      | 3 4 |  4.1
Fighting       | |  3.0

Action                   |  1- 3 |  4- 6 |  7- 9 | 10-12 || total
-------------------------+-------+-------+-------+-------++-------
Melee: Short sword       |    15 |   100 |   151 |   156 ||   422
       Tentacles         |     3 |    18 |    33 |    49 ||   103
       Constrict         |     2 |    23 |    32 |    23 ||    80
       Punch             |       |     2 |     7 |     3 ||    12
 Cast: Mephitic Cloud    |       |       |     6 |    12 ||    18
       Olgreb's Toxic Ra |       |       |    12 |    48 ||    60
       Freezing Cloud    |       |       |       |     1 ||     1
Evoke: Wand              |     5 |       |    11 |     8 ||    24
  Use: Scroll            |       |       |     5 |     3 ||     8
       Potion            |       |       |     2 |       ||     2
 Stab: Sleeping          |     3 |    25 |    12 |    15 ||    55
       Distracted        |       |     2 |     2 |       ||     4
       Confused          |       |       |     3 |     5 ||     8
       Paralysed         |       |       |     2 |       ||     2
Armor: Skin              |     1 |     9 |    21 |     2 ||    33
Dodge: Dodged            |     8 |    64 |    92 |   103 ||   267
